 Dungeon Crawl Stone Soup version 0.32-a0-131-g9dbbe29261 (webtiles) character file.

Game seed: 16268115887514570525

9461 hikkokomori the Grappler (level 11, -1/106 (109) HPs)
             Began as a Troll Fighter on Feb 8, 2024.
             Was a High Priest of Okawaru.
             Killed from afar by an orc sorcerer (12 damage)
             ... with a bolt of negative energy
             ... on level 2 of the Orcish Mines.
             The game lasted 00:21:56 (8574 turns).

hikkokomori the Grappler (Troll Fighter)            Turns: 8574, Time: 00:21:56

HP:   -1/106 (109)  AC:  6    Str: 26    XL:     11   Next: 23%
MP:   10/11         EV: 12    Int:  4    God:    Okawaru [*****.]
Gold: 706           SH: 11    Dex: 13    Spells: 10/10 levels left

rFire   + .          .
                       - Unarmed
rCold   . . .        b - +0 kite shield
rNeg    . . .        K - +2 robe {rF+}
rPois   +            (helmet restricted)
rElec   .            (no cloak)
rCorr   .            (gloves unavailable)
SInv    .            (boots unavailable)
Will    +....        k - amulet of regeneration
Stlth   +++          A - ring of poison resistance
HPRegen 1.97/turn    z - ring of willpower
MPRegen 0.12/turn

%: no passive effects
@: about to teleport, heroic, studying Short Blades, lightly drained
A: large, unfitting armour, claws 3, regeneration 1, shaggy fur 1, tough skin 1
a: Renounce Religion, Heroism, Finesse, Duel


You were on level 2 of the Orcish Mines.
You worshipped Okawaru.
Okawaru was extremely pleased with you.
You visited 3 branches of the dungeon, and saw 13 of its levels.

You collected 706 gold pieces.

Inventory:

Missiles
 j - 28 poisoned darts (quivered)
 m - a throwing net
 E - 5 boomerangs
 H - an atropa-tipped dart
 I - a curare-tipped dart
Armour
 a - a +0 robe
 b - a +0 kite shield (worn)
 K - a +2 robe of fire resistance (worn)
Jewellery
 k - an amulet of regeneration (around neck)
 q - an amulet of the acrobat
 z - a ring of willpower (right claw)
 A - a ring of poison resistance (left claw)
Talismans
 f - a storm talisman
 u - a granite talisman
Wands
 h - a wand of polymorph (14)
 l - a wand of light (6)
 y - a wand of roots (11)
 G - a wand of mindburst (11)
 N - a wand of flame (9)
 P - a wand of digging (1)
Scrolls
 d - 3 scrolls of blinking {unknown}
 g - a scroll of noise
 n - a scroll of brand weapon {unknown}
 o - a scroll of teleportation
 r - a scroll of fear {unknown}
 t - 2 scrolls of immolation {unknown}
 w - a scroll of enchant armour {unknown}
 B - 2 scrolls of amnesia {unknown}
 D - a scroll of poison
 J - a scroll of vulnerability
 L - a scroll of identify
 M - 2 scrolls of enchant weapon {unknown}
Potions
 c - 4 potions of might
 e - 2 potions of attraction
 i - a potion of heal wounds {unknown}
 p - 3 potions of enlightenment
 s - 2 potions of brilliance
 v - a potion of lignification
 x - 4 potions of curing {unknown}
 C - 3 potions of haste
 F - 3 potions of magic
 O - a potion of cancellation {unknown}


   Skills:
 + Level 7.4(12.4) Fighting
 + Level 8.4(13.4) Throwing
 + Level 2.8(7.8) Dodging
 - Level 2.0(7.0) Stealth
 - Level 5.0(10.0) Shields
 - Level 10.0(15.0) Unarmed Combat
 - Level 2.1 Invocations
 - Level 2.0 Evocations
 - Level 3.0 Shapeshifting


You had 10 spell levels left.
You didn't know any spells.
Your spell library contained the following spells:

 Spells                   Type           Power      Damage    Failure   Level
 Magic Dart               Conj           0%         1d3       67%         1
 Blink                    Tloc           0%         N/A       82%         2
 Jinxbite                 Hex            0%         N/A       82%         2
 Lesser Beckoning         Tloc           0%         N/A       82%         2
 Momentum Strike          Conj/Tloc      0%         3d8       82%         2
 Searing Ray              Conj           0%         2d4       82%         2
 Inner Flame              Hex/Fire       0%         N/A       96%         3
 Flame Wave               Conj/Fire      0%         2d4       100%        4
 Fulminant Prism          Conj/Alch      0%         3d5       100%        4
 Passage of Golubria      Tloc           0%         N/A       100%        4
 Sticky Flame             Fire/Alch      0%         2d4       100%        4
 Silence                  Hex/Air        0%         N/A       100%        5
 Yara's Violent Unravell  Hex/Alch       0%         3d3       100%        5
 Enfeeble                 Hex            0%         N/A       100%        7
 Lehudib's Crystal Spear  Conj/Erth      0%         10d2      100%        8
 Tukima's Dance           Hex            Unusable   N/A       N/A         3

Dungeon Overview and Level Annotations

Branches:
Dungeon (10/15)            Temple (1/1) D:6             Orc (2/2) D:10
   Lair: D:8-11         Elf: Orc:2

Altars:
Ashenzari
Cheibriados
Dithmenos
Elyvilon
Fedhas
Gozag
Hepliaklqana
Kikubaaqudgha
Makhleb
Nemelex Xobeh
Okawaru
Qazlal
Ru
Sif Muna
Trog
Uskayaw
Vehumet
Wu Jian
Xom
Yredelemnul
Zin
The Shining One

Shops:
D:2 *   D:10 *

Portals:
Trove: D:10 (give +4 shadow dragon scales)

Annotations:
D:6 3 runed translucent doors, Pokonic1's ghost, novice DrSh; PriceMaster's ghost, novice OpFE; hikkokomori's ghost, novice TrBr; rbyellow5's ghost, novice OpFi


Innate Abilities, Weirdness & Mutations

You are too large for most types of armour.
You have claws for hands.
Your natural rate of healing is unusually fast.
You are covered in fur. (AC +1)
You have tough skin. (AC +1)


Message History

You hear a shout!
You hear two shouts!
Unknown command.
Unknown command.
Aiming: Bolt of Light
Press: ? - help, Shift-Dir - straight line, f/p - orc knight
Aim: an orc knight, wielding a +2 great sword and wearing a +0 plate armour (moderately wounded, strong, extremely poisoned, 71% to hit)
The bolt of light misses the orc knight. x2
You hear a shout!
The orc knight is engulfed in poison gas.
The orc knight looks as sick as possible!
The orc knight is engulfed in poison gas.
The orc knight looks even sicker.
An orc sorcerer comes into view.
It is wielding a +0 dagger of protection and wearing a +1 robe of willpower.
The orc warlord is engulfed in poison gas.
The orc warlord looks as sick as possible!
Unknown command.
Unknown command.
Unknown command.
Unknown command.
As you read the scroll of teleportation, it crumbles to dust.
You feel strangely unstable.
The orc knight is engulfed in poison gas.
The orc knight looks even sicker.
The orc knight looks as sick as possible!
The orc knight hits you with a +3 war axe!!
The orc warlord is engulfed in poison gas.
The orc warlord looks as sick as possible!
You hear a shout! x2
Unknown command.
Unknown command.
Unknown command.
You completely miss the orc knight.
The orc knight is almost dead.
The orc knight is engulfed in poison gas.
The orc knight looks as sick as possible!
The orc knight hits you with a +3 war axe!!!
* * * LOW HITPOINT WARNING * * *
The orc sorcerer points at you and mumbles some strange words.
The bolt of negative energy hits you!
You feel drained.
You die...

o☼°#Oo§#§○○
##
§o°.☼°.o§°
.#.
.§○§§#°§§§
...
#☼☼o☼☼°o§
#.
§○)§☼○o§o
#. #§§○§§#
#. #☼○§§o#
## #☼§○o@#
#ߧ○§ß#
#○°☼○§#
§§§§§○§##
°§☼○§○○
§°○##°§ §☼°
### §§ #


You could see an orc warlord (strong, extremely poisoned), 3 orc knights, 2 orc
sorcerers, 2 orc warriors, an ogre, an orc priest (strong) and an orc wizard
(strong).

Vanquished Creatures
  2 two-headed ogres
  Amaemon (D:9)
  Pikel (D:8)
  An orange demon (D:9)
  2 unseen horrors
  A troll (D:10)
  Prince Ribbit (D:5)
  6 yaks (D:8)
  A wraith (D:8)
  A wyvern (D:8)
  A steam dragon (D:9)
  Eustachio (D:5)
  A warg (Orc:1)
  2 water moccasins
  8 orc warriors
  A sky beast (D:7)
  2 ogres
  A centaur (D:9)
  4 phantoms
  3 lemures
  A bullfrog (D:8)
  4 kobold brigands
  A scorpion (D:5)
  10 wights
  A water moccasin skeleton (D:6)
  4 killer bees (D:7)
  3 howler monkeys (D:7)
  2 bombardier beetles
  3 hounds
  2 bullfrog zombies (D:6)
  2 jellies
  12 orc priests
  2 sleepcaps
  2 iguanas
  5 orc wizards
  3 killer bee zombies (D:6)
  A howler monkey zombie (D:6)
  10 adders
  5 gnolls
  A shadow imp (D:6)
  3 white imps (D:7)
  2 ribbon worms (D:3)
  45 orcs
  5 bats
  6 endoplasms
  2 giant cockroaches
  7 goblins
  7 hobgoblins
  6 quokkas
  2 ball pythons
  A frilled lizard (D:2)
  29 kobolds
  3 rats
233 creatures vanquished.

Vanquished Creatures (others)
  An orc high priest (Orc:2)
1 creature vanquished.

Grand Total: 234 creatures vanquished

Notes
Turn   | Place    | Note
-------+----------+-------------------------------------------
     0 | D:1      | hikkokomori the Troll Fighter began the quest for the Orb.
     0 | D:1      | Reached XP level 1. HP: 22/22 MP: 0/0
   503 | D:1      | Reached XP level 2. HP: 29/29 MP: 1/1
   638 | D:1      | Reached skill level 1 in Throwing
   845 | D:2      | Reached skill level 3 in Unarmed Combat
   845 | D:2      | Reached XP level 3. HP: 36/36 MP: 2/2
   895 | D:2      | Reached XP level 4. HP: 44/44 MP: 3/3
  1279 | D:2      | Found Zaurph's General Store.
  1441 | D:3      | Reached skill level 4 in Unarmed Combat
  1451 | D:3      | Found a broken altar of Ashenzari.
  1734 | D:3      | Reached skill level 1 in Stealth
  1800 | D:3      | Found a shadowy altar of Dithmenos.
  1808 | D:3      | Reached XP level 5. HP: 40/50 MP: 4/4
  2231 | D:4      | Reached skill level 1 in Evocations
  2395 | D:4      | Found a snail-covered altar of Cheibriados.
  2592 | D:4      | Noticed a phantom
  2600 | D:4      | Killed a phantom
  2601 | D:4      | Reached XP level 6. HP: 53/59 MP: 5/5
  2758 | D:5      | Entered Level 5 of the Dungeon
  2868 | D:5      | Noticed Eustachio
  2884 | D:5      | Killed Eustachio
  2885 | D:5      | Reached skill level 5 in Unarmed Combat
  2885 | D:5      | Reached XP level 7. HP: 62/67 MP: 6/6
  3017 | D:5      | Noticed Prince Ribbit
  3029 | D:5      | Killed Prince Ribbit
  3123 | D:5      | Reached XP level 8. HP: 78/78 MP: 7/7
  3200 | D:5      | Reached skill level 6 in Unarmed Combat
  3297 | D:5      | Found an ornate altar of the Wu Jian Council.
  3409 | D:5      | Identified the +0 ring mail "Histrizau" {rElec rC- rCorr
                  | Str+5}
  3587 | D:6      | Found a staircase to the Ecumenical Temple.
  3600 | Temple   | Entered the Ecumenical Temple
  3615 | Temple   | Became a worshipper of Warmaster Okawaru
  3646 | Temple   | Reached skill level 5 in Throwing
  3736 | D:6      | Found a bloodstained altar of Trog.
  3798 | D:6      | Found a runed translucent gate.
  3798 | D:6      | Found a runed translucent gate.
  3798 | D:6      | Found a runed translucent gate.
  3798 | D:6      | Noticed rbyellow5's ghost (novice OpFi)
  3798 | D:6      | Noticed PriceMaster's ghost (novice OpFE)
  3799 | D:6      | Noticed Pokonic1's ghost (novice DrSh)
  3799 | D:6      | Noticed hikkokomori's ghost (novice TrBr)
  3941 | D:6      | Reached skill level 1 in Invocations
  3941 | D:6      | Reached skill level 1 in Shapeshifting
  3985 | D:6      | Reached skill level 7 in Unarmed Combat
  4134 | D:6      | Found a glowing golden altar of the Shining One.
  4331 | D:7      | Reached * piety under Okawaru
  4375 | D:7      | Reached XP level 9. HP: 79/84 MP: 9/9
  4580 | D:7      | Found a hazy altar of Hepliaklqana.
  4591 | D:7      | Reached skill level 5 in Shields
  4721 | D:7      | Found a blossoming altar of Fedhas.
  4728 | D:7      | Found a stormy altar of Qazlal.
  4864 | D:8      | Noticed Pikel
  4950 | D:8      | Killed Pikel
  4950 | D:8      | Reached ** piety under Okawaru
  5197 | D:8      | Killed an unseen horror
  5203 | D:8      | Reached skill level 5 in Fighting
  5307 | D:8      | Reached skill level 8 in Unarmed Combat
  5356 | D:8      | Reached XP level 10. HP: 96/96 MP: 10/10
  5383 | D:8      | Reached *** piety under Okawaru
  5617 | D:8      | Noticed a two-headed ogre
  5629 | D:8      | Killed a two-headed ogre
  5895 | D:8      | Reached skill level 9 in Unarmed Combat
  6283 | D:9      | Found a sparkling altar of Nemelex Xobeh.
  6453 | D:9      | Noticed an orange demon
  6456 | D:9      | Noticed Amaemon
  6476 | D:9      | Killed an orange demon
  6505 | D:9      | Killed Amaemon
  6505 | D:9      | Reached **** piety under Okawaru
  6985 | D:10     | Entered Level 10 of the Dungeon
  6997 | D:10     | Found Kusuebra's Elemental Accessories.
  7206 | D:10     | Found a portal to a secret trove of treasure.
  7262 | D:10     | Found a shimmering blue altar of Sif Muna.
  7388 | D:10     | Found a staircase to the Orcish Mines.
  7574 | D:10     | Found a shimmering altar of Xom.
  7828 | D:10     | Reached XP level 11. HP: 68/109 MP: 11/11
  8018 | D:10     | Found an ancient bone altar of Kikubaaqudgha.
  8333 | Orc:1    | Entered Level 1 of the Orcish Mines
  8339 | Orc:1    | Noticed a two-headed ogre
  8347 | Orc:1    | Killed a two-headed ogre
  8347 | Orc:1    | Reached ***** piety under Okawaru
  8495 | Orc:2    | Entered Level 2 of the Orcish Mines
  8547 | Orc:2    | Reached skill level 10 in Unarmed Combat
  8562 | Orc:2    | Noticed an orc knight
  8562 | Orc:2    | Noticed an orc knight
  8562 | Orc:2    | Noticed an orc sorcerer
  8562 | Orc:2    | Noticed an orc knight
  8562 | Orc:2    | Noticed an orc high priest
  8563 | Orc:2    | Noticed an orc warlord
  8569 | Orc:2    | Killed an orc high priest
  8572 | Orc:2    | Noticed an orc sorcerer
  8574 | Orc:2    | Killed from afar by an orc sorcerer

Illustrated notes

Levels and vault maps discovered:
D:1:      onia_arrival_mini_spirals, layout_basic, serial_bayou_pond_a,
          minmay_box_of_dots
D:2:      layout_rooms, serial_shops, nicolae_diamond_shop
D:3:      layout_basic, nicolae_ashenzari_panopticon,
          nicolae_overflow_crystal_walls, nrook_uturn
D:4:      cheibrodos_old_hovel, layout_loops_ring,
          mainiacjoe_overflow_small_starburst
D:5:      layout_loops_cross, kennysheep_mini, grunt_ministairs_7,
          minmay_manual_monolith, uniq_eustachio, uniq_prince_ribbit1
D:6:      layout_basic, lemuel_tele_altar, mainiacjoe_overflow_chevrons,
          minmay_temple_entry_sparse_star, gammafunk_ghost_cemetery,
          serial_undead, serial_undead_c, serial_undead_c, serial_undead_b,
          serial_undead_c, hangedman_glass_teeth
D:7:      layout_rooms, grunt_temple_overflow_forces_of_nature,
          nicolae_hepliaklqana_hazy_memory
D:8:      minmay_angry_zag, layout_loops_corners, uniq_pikel
D:9:      layout_irregular_city, mainiacjoe_overflow_paths, uniq_amaemon
D:10:     layout_layer_cave, general_overflow_altar,
          mainiacjoe_overflow_alcove_1, lemuel_coloured_pillars_altar,
          david_orc_5, nicolae_trove_entry_crystal, nicolae_elemental_shop
Temple:   nicolae_temple_figure_zero
Orc:1:    layout_caves, mines2_david
Orc:2:    grunt_orc_cross, layout_diamond_mine

Skill      XL: |  1  2  3  4  5  6  7  8  9 10 11 |
---------------+----------------------------------+-----
Throwing       | 1 2 3 4 5 6 8 |  8.4
Unarmed Combat | 3 4 5 7 8 9 10 | 10.0
Stealth        | 1 2 |  2.0
Evocations     | 1 2 |  2.0
Fighting       | 3 4 5 7 |  7.4
Shields        | 3 5 |  5.0
Invocations    | 2 |  2.1
Shapeshifting  | 2 3 |  3.0
Dodging        | |  2.8

Action                     |  1- 3 |  4- 6 |  7- 9 | 10-12 || total
---------------------------+-------+-------+-------+-------++-------
  Melee: Unarmed           |    68 |   114 |   271 |   179 ||   632
  Throw: Boomerang         |     2 |    32 |    27 |       ||    61
         Dart              |       |     1 |    26 |   105 ||   132
 Invoke: Heroism           |       |       |     1 |     2 ||     3
Ability: Blinkbolt         |       |     1 |       |       ||     1
  Evoke: Wand              |       |     2 |     6 |    10 ||    18
    Use: Scroll            |       |       |     9 |     3 ||    12
   Stab: Sleeping          |       |     5 |     1 |       ||     6
 Armour: Robe              |    51 |    51 |   178 |   132 ||   412
         Skin              |       |     1 |       |       ||     1
  Dodge: Dodged            |    26 |    27 |    94 |    53 ||   200
  Block: Kite shield       |    30 |    39 |   120 |    87 ||   276
   Form: Storm             |     1 |     1 |       |       ||     2
                           |       |     1 |       |       ||     1

Table legend: (Time is in decaauts)
 A = Elapsed time spent in this place.
 B = Non-inter-level travel time spent in this place.
 C = Inter-level travel time spent in this place.
 D = Time resting spent in this place.
 E = Time spent auto-exploring this place.
 F = Levels seen in this place.
 G = Mean time per level.
                   A        B        C        D        E       F      G
               +--------+--------+--------+--------+--------+-----+--------+
         Total |   8564 |   8173 |    391 |     49 |   6436 |  13 |  658.8 |
       Dungeon |   8246 |   7890 |    356 |     19 |   6288 |  10 |  824.6 |
        Temple |     83 |     59 |     24 |     30 |      0 |   1 |   83.0 |
  Orcish Mines |    234 |    223 |     11 |      0 |    148 |   2 |  117.0 |
               +--------+--------+--------+--------+--------+-----+--------+

Top non-repeatable levels by time:
    D:10: 1335 daAuts
     D:8: 1172 daAuts
     D:9: 902 daAuts
     D:1: 867 daAuts
     D:5: 794 daAuts
     D:4: 712 daAuts
     D:3: 692 daAuts
     D:6: 683 daAuts
     D:7: 584 daAuts
     D:2: 503 daAuts
   Orc:1: 159 daAuts
  Temple: 83 daAuts
   Orc:2: 75 daAuts
